 Dungeon Crawl Stone Soup version 0.29.1-15-g9cfb28693d (webtiles) character file.

Game seed: 5658355443638057817

2503 hawla the Basher (level 10, -2/117 HPs)
             Began as a Meteoran Ice Elementalist on Apr 14, 2023.
             Slain by an orc warrior
             ... wielding a +0 glaive
              (11 damage)
             ... in a bailey.
             The game lasted 00:12:19 (3462 turns).

hawla the Basher (Meteoran Ice Elementalist)        Turns: 3462, Time: 00:12:19

Health: -2/117     AC: 25    Str: 10    XL:     10   Next: 8%
Magic:  19/19      EV:  2    Int: 20    God:
Gold:   371        SH:  5    Dex: 16    Spells: 12/20 levels left

rFire   . . .      SeeInvis .   m - +4 flail (distort)
rCold   . . .      Faith    .   (no shield)
rNeg    . . .      Spirit   .   (body armour currently unavailable)
rPois   +          Reflect  +   (helmet currently unavailable)
rElec   .          Harm     .   (cloak currently unavailable)
rCorr   .          Rampage  .   (gloves currently unavailable)
Will    +....      NoTele   +   (boots currently unavailable)
Stlth   +.........              i - amulet of reflection
HPRegen 0.29/turn               (no ring)
MPRegen 0.16/turn               (no ring)

@: tree-form, glowing
A: stationary, stasis, torment immunity, boosted hp, sense surroundings 2,
otherworldly, glowing, explore regen
a: no special abilities


You were in a bailey.
You were a tree.
You visited 1 branch of the dungeon, and saw 7 of its levels.
You also visited: Bailey.

You collected 371 gold pieces.

Inventory:

Hand Weapons
 m - a +4 flail of distortion (weapon)
Armour
 a - a +0 robe
 g - a +0 pair of gloves
 n - a +1 pair of boots
 q - the +18 Lear's hauberk (melded)
   (You found it on level 4 of the Dungeon)
 t - a +0 cloak (melded)
Jewellery
 i - an amulet of reflection (around neck)
 p - an amulet of regeneration
Wands
 w - a wand of paralysis (7) (quivered)
Scrolls
 d - 3 scrolls of vulnerability
 e - 2 scrolls of teleportation
Potions
 b - 3 potions of magic
 c - a potion of curing
 f - a potion of degeneration
 h - 3 potions of attraction
 r - 2 potions of might
 v - a potion of haste


   Skills:
 + Level 4.1 Fighting
 + Level 9.2 Maces & Flails
 + Level 4.3 Armour
 - Level 4.0 Dodging
 - Level 1.4 Stealth
 + Level 5.8 Spellcasting
 + Level 5.7 Conjurations
 + Level 7.0 Ice Magic


You had 12 spell levels left.
You knew the following spells:

 Your Spells              Type           Power      Damage    Failure   Level
a - Freeze                Ice            100%       1d11      1%          1
b - Frozen Ramparts       Ice            68%        1d11      1%          3
c - Hailstorm             Conj/Ice       31%        3d8       8%          4

Your spell library contained the following spells:

 Spells                   Type           Power      Damage    Failure   Level
 Ozocubu's Armour         Ice            34%        N/A       1%          3
 Sublimation of Blood     Necr           5%         N/A       16%         2
 Wereblood                Tmut           5%         N/A       16%         2
 Portal Projectile        Hex/Tloc       10%        N/A       32%         3
 Tukima's Dance           Hex            5%         N/A       32%         3
 Blade Hands              Tmut           2%         N/A       96%         5
 Summon Hydra             Summ           2%         N/A       100%        7


Dungeon Overview and Level Annotations

Branches:
Dungeon (7/15) Zot: 1012   Bailey (1/1) Zot: 295
 Temple: D:4-7

Altars:
Fedhas
Kikubaaqudgha
Okawaru
Ru
Trog
Wu Jian

Annotations:
Abyss:1 Crazy Yiuf


Innate Abilities, Weirdness & Mutations

You are a tree.
Your roots penetrate the ground, keeping you stationary.
You cannot be teleported.
You are immune to unholy pain and torment.
Your maximum health is greatly increased.
Your equipment is partially melded.
You passively map the area around you.
You are easily found by Zot.
You glow in the dark.
You regain HP and MP as you explore.


Message History

The orc warrior hits you from afar with a +0 bardiche!
The orc warrior hits you but does no damage.
The orc hits you but does no damage.
The orc warrior hits you but does no damage.
You barely miss the orc.
The orc is severely wounded.
The orc hits you but does no damage.
The orc warrior hits you from afar with a +0 glaive.
The orc warrior hits you but does no damage.
The orc warrior closely misses you. The orc hits you but does no damage.
You hit the orc but do no damage.
The orc is severely wounded.
The orc hits you with a +3 halberd. The orc warrior closely misses you.
You block the orc warrior's attack. The orc hits you but does no damage.
The orc warrior hits you but does no damage.
Unknown command.
You hit the orc but do no damage.
Space warps around the orc.
The orc is severely wounded.
The orc hits you with a +3 halberd.
The orc warrior hits you but does no damage.
The orc hits you but does no damage.
The orc warrior hits you from afar with a +0 glaive!
The orc warrior closely misses you.
The orc warrior hits you with a +0 bardiche!
* * * LOW HITPOINT WARNING * * *
The orc barely misses you. The orc warrior barely misses you.
You block the orc's attack.
The orc warrior hits you but does no damage.
Really quaff the potion of lignification?
You turn into a tree.
Your +0 cloak melds into your body.
The +18 Lear's hauberk melds into your body.
Your roots penetrate the ground.
The orc hits you with a +3 halberd.
* * * LOW HITPOINT WARNING * * *
The orc warrior hits you with a +0 bardiche.
* * * LOW HITPOINT WARNING * * *
The orc warrior hits you with a +0 glaive.
* * * LOW HITPOINT WARNING * * *
The orc hits you but does no damage.
The orc warrior hits you with a +0 glaive!
You die...

#≈...##....≈≈≈≈≈....##...≈#
#≈....#####.....#####)...≈#
##.......⌠#######⌠.))....##
##...............)))...##
##............).)....##
#########'''#########
**~~≈≈~~~#...#≈≈≈≈≈≈≈**
**~~~≈≈≈~~#..o#≈≈≈≈≈≈≈~**
**~~~~≈≈≈≈,#.♣o#.≈≈≈≈≈≈~~**
*~~~~~≈≈.c≈#ooo#≈..≈≈≈≈~~~*
*~~~~~..≈≈≈.....≈≈≈..≈≈~~~*
*~~~~,≈≈≈.........≈≈≈.≈~~~*
*~~~~,≈.....≈≈≈.....≈.≈~~~*
*~~~,~≈.⌠..≈≈≈≈≈..⌠.≈≈.~~~*
*~~~,~.....≈≈≈≈≈.....≈.~~~*
*~~,~~....≈≈~~~≈≈....≈≈,~~*
*~~,~,....≈~≈~≈~≈.....≈,~~*


You could see 3 orc warriors and 2 orcs.

Vanquished Creatures
  Menkaure (D:5)
  A water moccasin (D:7)
  An ice beast (D:5)
  3 orc warriors (Bailey)
  A sky beast (D:7)
  A black bear (D:5)
  2 ogres
  4 centaurs
  A phantom (D:5)
  A bullfrog (D:7)
  3 necrophages
  5 scorpions
  3 orc priests
  2 hounds (D:6)
  2 jellies
  2 iguanas
  3 orc wizards
  Jessica (D:3)
  6 adders
  4 gnolls (D:3)
  2 white imps (D:6)
  A worm (D:3)
  42 orcs
  7 ball pythons
  3 endoplasms
  4 hobgoblins
  3 jackals (D:4)
  2 kobolds
  2 quokkas
  2 bats
  A frilled lizard (D:3)
  6 goblins
122 creatures vanquished.

Vanquished Creatures (others)
  A human (D:4)
  An orc (Bailey)
2 creatures vanquished.

Grand Total: 124 creatures vanquished

Notes
Turn   | Place    | Note
-------+----------+-------------------------------------------
     0 | D:1      | hawla the Meteoran Ice Elementalist began the quest for the
                  | Orb.
     0 | D:1      | Reached XP level 1. HP: 14/14 MP: 5/5
   110 | D:3      | Reached XP level 2. HP: 20/20 MP: 3/6
   119 | D:3      | Found an iron altar of Okawaru.
   168 | D:4      | Reached XP level 3. HP: 24/26 MP: 4/8
   172 | D:4      | Learned a level 3 spell: Frozen Ramparts
   177 | D:4      | Reached skill level 5 in Ice Magic
   237 | D:4      | Reached XP level 4. HP: 14/33 MP: 0/10
   271 | D:4      | Found the +18 Lear's hauberk
   322 | D:4      | Learned a level 4 spell: Hailstorm
   326 | D:4      | Noticed a scorpion
   334 | D:4      | Killed a scorpion
   335 | D:4      | Reached XP level 5. HP: 24/38 MP: 5/11
   335 | D:4      | Noticed a necrophage
   366 | D:4      | Killed a necrophage
   367 | D:4      | Reached XP level 6. HP: 35/45 MP: 4/12
   400 | D:4      | Found an ancient bone altar of Kikubaaqudgha.
   401 | D:4      | Noticed a human
   403 | D:4      | Killed a human
   503 | D:4      | Found a bloodstained altar of Trog.
   622 | D:3      | Found a blossoming altar of Fedhas.
   630 | D:3      | Reached skill level 5 in Conjurations
   700 | D:3      | Found an ornate altar of the Wu Jian Council.
   714 | D:3      | Reached XP level 7. HP: 11/50 MP: 7/13
   765 | D:3      | Noticed Jessica
   770 | D:3      | Killed Jessica
  1416 | D:5      | Entered Level 5 of the Dungeon
  1440 | D:5      | Reached skill level 1 in Maces & Flails
  1462 | D:5      | Noticed Menkaure
  1466 | D:5      | Killed Menkaure
  1467 | D:5      | Reached skill level 1 in Fighting
  1467 | D:5      | Reached skill level 2 in Maces & Flails
  1467 | D:5      | Reached XP level 8. HP: 46/59 MP: 14/16
  1634 | D:5      | Reached skill level 3 in Maces & Flails
  1634 | D:5      | Reached skill level 5 in Spellcasting
  1680 | D:5      | Reached skill level 4 in Maces & Flails
  2255 | D:6      | Reached skill level 5 in Maces & Flails
  2307 | D:6      | Reached skill level 1 in Armour
  2307 | D:6      | Gained mutation: You passively map the area around you.
                  | [Meteoran growth]
  2307 | D:6      | Reached XP level 9. HP: 37/67 MP: 16/18
  2489 | D:6      | Found a runed translucent door.
  2490 | D:6      | Noticed Crazy Yiuf
  2608 | D:6      | Banished Crazy Yiuf
  2609 | D:6      | Reached skill level 6 in Maces & Flails
  2974 | D:7      | Reached skill level 7 in Maces & Flails
  2999 | D:7      | Found a sacrificial altar of Ru.
  3082 | D:7      | Reached skill level 8 in Maces & Flails
  3133 | D:7      | Found a flagged portal.
  3156 | Bailey   | Entered a bailey
  3338 | Bailey   | Reached XP level 10. HP: 24/78 MP: 19/19
  3345 | Bailey   | Reached skill level 9 in Maces & Flails
  3462 | Bailey   | Slain by an orc warrior

Illustrated notes

Levels and vault maps discovered:
D:1:      spicycebolla_arrival_clurvy, layout_basic
D:2:      layout_loops_ring, small_statue_intersection
D:3:      layout_basic, nicolae_overflow_hidden_temple,
          mainiacjoe_overflow_alcove_1, mainiacjoe_overflow_chevrons,
          hangedman_abyss_or_decor_lesser_grid, dk_noncrumbling_2, uniq_jessica
D:4:      layout_rooms, general_overflow_altar, tgw_kikubaaqudgha
D:5:      layout_loops_ring, nicolae_elevator_lobby_asterisk, uniq_menkaure
D:6:      layout_loops_cross, serial_bayou_pond_e, kennysheep_cross_room,
          uniq_crazy_yiuf_cottage
D:7:      layout_rooms, nicolae_ru_path_of_blood, temple_doors_ab,
          enter_bailey_4, minmay_misc_feat_secret_circle, dk_vineyard_1
Bailey:   bailey_polearm_flooded_kennysheep, bailey

Skill      XL: |  1  2  3  4  5  6  7  8  9 10 |
---------------+-------------------------------+-----
Ice Magic      | 5 6 7 |  7.0
Spellcasting   | 3 4 5 |  5.8
Conjurations   | 3 4 5 |  5.7
Maces & Flails | 2 5 8 9 |  9.2
Dodging        | 3 4 |  4.0
Fighting       | 1 3 4 |  4.1
Armour         | 1 4 |  4.3
Stealth        | |  1.4

Action                   |  1- 3 |  4- 6 |  7- 9 | 10-12 || total
-------------------------+-------+-------+-------+-------++-------
Melee: Unarmed           |     4 |     7 |       |       ||    11
       Flail             |       |     7 |   200 |    20 ||   227
       Punch             |       |     1 |     2 |     2 ||     5
 Cast: Freeze            |    30 |    21 |    10 |       ||    61
       Frozen Ramparts   |     1 |     6 |     2 |       ||     9
       Hailstorm         |       |     3 |       |       ||     3
  Use: Scroll            |       |     4 |     9 |       ||    13
       Potion            |       |     1 |       |     3 ||     4
Armor: Robe              |     4 |    11 |     7 |       ||    22
       Chain mail        |       |       |   213 |    57 ||   270
       Skin              |       |       |       |     1 ||     1
Dodge: Dodged            |    18 |    19 |    67 |    11 ||   115
Block: Other             |       |       |    49 |    11 ||    60
       Reflection        |       |       |     3 |       ||     3
